 Dungeon Crawl Stone Soup version 0.30.1-11-g7821555f0a (webtiles) character file.

Game seed: 1524587815034816952

4 Nonny the Cudgeller (level 1, -2/19 HPs)
             Began as a Meteoran Cinder Acolyte on Nov 11, 2023.
             Was a High Priest of Ignis.
             Slain by a hobgoblin (4 damage)
             ... on level 1 of the Dungeon.
             The game lasted 00:00:51 (139 turns).

Nonny the Cudgeller (Meteoran Cinder Acolyte)        Turns: 139, Time: 00:00:51

Health: -2/19      AC:  2    Str: 15    XL:     1   Next: 85%
Magic:  3/3        EV: 11    Int: 15    God:    Ignis [*****.]
Gold:   14         SH:  0    Dex:  9    Spells: 2/2 levels left

rFire   + . .        a - -1 mace (flame)
rCold   . . .        (no shield)
rNeg    . . .        b - +0 robe
rPois   .            (no helmet)
rElec   .            (no cloak)
rCorr   .            (no gloves)
SInv    .            (no boots)
Will    .....        (no amulet)
Stlth   +            (no ring)
HPRegen 0.23/turn    (no ring)
MPRegen 0.08/turn

%: no passive effects
@: glowing
A: sense surroundings 1, otherworldly, glowing, explore regen
a: Renounce Religion, Fiery Armour, Foxfire Swarm, Rising Flame


You were on level 1 of the Dungeon.
You worshipped Ignis.
Ignis was extremely pleased with you.
You visited 1 branch of the dungeon, and saw 1 of its levels.

You collected 14 gold pieces.

Inventory:

Hand Weapons
 a - a -1 mace of flaming (weapon)
Armour
 b - a +0 robe (worn)
Potions
 c - a potion of mutation {unknown}


   Skills:
 + Level 3.2 Fighting
 + Level 4.4 Maces & Flails
 - Level 1.3 Spellcasting
 - Level 3.6 Fire Magic


You had 2 spell levels left.
You didn't know any spells.
Your spell library contained the following spells:

 Spells                   Type           Power      Damage    Failure   Level
 Scorch                   Fire           22%        2d5       9%          2


Dungeon Overview and Level Annotations

Branches:
Dungeon (1/15) Zot: 457

Altars:


Innate Abilities, Weirdness & Mutations

You passively map a small area around you.
You are easily found by Zot.
You glow in the dark.
You regain HP and MP as you explore.


Message History

The ball python is severely wounded.
The ball python bites you. The ball python grabs you.
The ball python constricts you.
You closely miss the ball python.
The ball python is severely wounded.
The ball python barely misses you. The ball python constricts you.
The ball python closely misses you. The ball python constricts you.
You sock the ball python! You burn the ball python.
You kill the ball python!
You are a level 1 Meteoran Cinder Acolyte.
You are 85% of the way to level 2.
Play time: 00:00:45 (125 turns).
Zot will find you in 472 turns if you stay in this branch and explore no new floors.
You now have 14 gold pieces.
A hobgoblin comes into view.
A ball python comes into view.
The ball python hisses angrily.
The ball python moves out of view.
You closely miss the hobgoblin. The hobgoblin hits you.
You barely miss the hobgoblin. The hobgoblin hits you.
The ball python bites you. The ball python grabs you.
The ball python constricts you. The hobgoblin hits you.
You hit the ball python but do no damage.
The ball python barely misses you. The ball python constricts you.
The hobgoblin hits you but does no damage.
The ball python completely misses you. The ball python constricts you.
You barely miss the ball python. The ball python bites you.
The ball python constricts you. The hobgoblin hits you.
You barely miss the ball python. The ball python bites you.
The ball python constricts you.
The hobgoblin hits you but does no damage.
The ball python bites you. The ball python constricts you.
You hit the ball python. You burn the ball python.
The ball python is severely wounded.
The hobgoblin closely misses you. The ball python bites you.
* * * LOW HITPOINT WARNING * * *
The ball python constricts you.
* * * LOW HITPOINT WARNING * * *
You escape the ball python's grasp.
The hobgoblin attacks as you move away! The hobgoblin hits you.
You die...

..###.#.####.# ,.#
....... .....## ,.#
........##.....,,.#* * ,
#.###.#.##...### .. , ,
, * ............... .#*
,, #.###.####...# .#
.........)...####.#####.
,
#...............S.......
, ,
#.#####.........@g......
#.# ######.####.###### *
#.# ### .# #.# .# ###
*## *


You could see a hobgoblin and a ball python.

Vanquished Creatures
  A ball python (D:1)
  A hobgoblin (D:1)
  A kobold (D:1)
3 creatures vanquished.

Notes
Turn   | Place    | Note
-------+----------+-------------------------------------------
     0 | D:1      | Nonny the Meteoran Cinder Acolyte began the quest for the
                  | Orb.
     0 | D:1      | Reached XP level 1. HP: 19/19 MP: 3/3
   139 | D:1      | Slain by a hobgoblin

Illustrated notes

Levels and vault maps discovered:
D:1:      psy_arrival_basics, layout_basic, shapermc_ecumenical_altar_hornbeckon

Action                     || total
---------------------------++-------
  Melee: Mace              ||    19
 Armour: Robe              ||     4
  Dodge: Dodged            ||     9
